 Dungeon Crawl Stone Soup version 0.30-a0-457-g4b7bca3bfa (webtiles) character file.

Game seed: 9886946385331891779

40 cforsyth the Trooper (level 3, -3/33 HPs)
             Began as a Minotaur Berserker on Dec 12, 2022.
             Was a Believer of Trog.
             Slain by a gnoll
             ... wielding a +0 halberd
             ... led by a gnoll bouda
              (14 damage)
             ... on level 4 of the Dungeon.
             The game lasted 00:02:27 (909 turns).

cforsyth the Trooper (Minotaur Berserker)            Turns: 909, Time: 00:02:27

Health: -3/33      AC:  2    Str: 22 (23) XL:     3   Next: 30%
Magic:  0/2        EV: 12    Int:  2 (4)  God:    Trog [**....]
Gold:   62         SH:  0    Dex:  8 (9)  Spells: 2/2 levels left

rFire   . . .      SeeInvis .    a - +0 hand axe
rCold   . . .      Faith    .    (no shield)
rNeg    . . .      Spirit   +    b - +0 animal skin
rPois   .          Reflect  .    (helmet restricted)
rElec   .          Harm     .    (no cloak)
rCorr   .          Rampage  .    (no gloves)
Will    .....                    (no boots)
Stlth   +.........               k - amulet of guardian spirit
HPRegen 0.25/turn                (no ring)
MPRegen 0.08/turn                (no ring)

@: lethally poisoned (-3 -> -6), weakened
A: horns 2, retaliatory headbutt
a: Renounce Religion, Berserk, Trog's Hand


You were on level 4 of the Dungeon.
You worshipped Trog.
Trog was pleased with you.
You visited 1 branch of the dungeon, and saw 3 of its levels.

You collected 62 gold pieces.

Inventory:

Hand Weapons
 a - a +0 hand axe (weapon)
Armour
 b - a +0 animal skin (worn)
Jewellery
 k - an amulet of guardian spirit (around neck)
Scrolls
 c - 2 scrolls of enchant weapon {unknown}
 f - 3 scrolls of amnesia {unknown}
 g - a scroll of enchant armour {unknown}
 j - 3 scrolls of noise {unknown}
 m - a scroll of vulnerability {unknown}
Potions
 d - 2 potions of invisibility {unknown}
 e - a potion of magic {unknown}
 h - a potion of degeneration
 i - a potion of mutation {unknown}
 l - a potion of haste {unknown}


   Skills:
 + Level 4.1 Fighting
 + Level 4.1 Axes
 + Level 3.0 Armour
 + Level 2.8 Dodging


You had 2 spell levels left.
You didn't know any spells.
Your spell library was empty.

Dungeon Overview and Level Annotations

Branches:
Dungeon (2/15)

Altars:


Innate Abilities, Weirdness & Mutations

You have a pair of horns on your head.
You reflexively headbutt those who attack you in melee.


Message History

A sourceless malevolence fills the Dungeon...
You fall into a shaft and drop 2 floors!
The shaft crumbles and collapses.
(D) Dungeon
Where to? (Enter - D:2, ? - help) Sorry, I don't know how to get there.
Found 6 stones.
No target in view!
A gnoll comes into view. It is wielding a +0 halberd.
The gnoll shouts!
A gnoll comes into view.
It is wielding a +1 flail of protection.
A gnoll bouda and 2 gnolls come into view.
Found a scroll labelled XIRITR XOSOI.
The gnoll bouda shouts!
The gnoll shouts! x2; You hear a shout! x3
An orc comes into view. It is wielding a +0 dagger of venom.
The gnoll bouda barks out a call to the hunt!
The gnolls pick up the pace!
An orc wizard comes into view. It is wielding a +0 dagger.
The gnoll hits you from afar with a +0 halberd!
You are too injured to fight recklessly!
You are too injured to fight recklessly!
Unknown command.
The gnoll misses you.
An adder comes into view.
The adder hisses angrily.
The gnoll completely misses you.
The gnoll bouda gazes fiercely through you!
You feel your attacks grow feeble. The adder completely misses you.
The gnoll hits you from afar with a +0 halberd!
The adder attacks as you move away! The adder bites you.
The adder attacks as you move away! The adder bites you.
You are poisoned.
The adder poisons you!
You feel sick.
It was a potion of degeneration.
There was something very wrong with that liquid.
You feel weakened.
You feel dopey.
You feel clumsy.
You feel sick. The adder bites you.
The gnoll hits you from afar with a +0 halberd!
You die...

#.#.##.###
#####.#.#...#
......gg..#.#
.....#.#...#
### #g#####
#.# #g# #S#
#@# #.# #.#
..# ###


You could see a gnoll bouda, 3 gnolls and an adder.

Vanquished Creatures
  2 adders (D:2)
  A worm (D:2)
  3 endoplasms
  2 giant cockroaches (D:1)
  2 hobgoblins (D:1)
  2 quokkas (D:1)
  A ball python (D:1)
  3 frilled lizards
  3 kobolds
  2 rats
21 creatures vanquished.

Notes
Turn   | Place    | Note
-------+----------+-------------------------------------------
     0 | D:1      | cforsyth the Minotaur Berserker began the quest for the
                  | Orb.
     0 | D:1      | Reached XP level 1. HP: 19/19 MP: 0/0
   193 | D:1      | Reached XP level 2. HP: 27/27 MP: 1/1
   747 | D:2      | Reached XP level 3. HP: 25/33 MP: 2/2
   869 | D:2      | Reached ** piety under Trog
   890 | D:2      | You fall into a shaft and drop 2 floors!
   909 | D:4      | Slain by a gnoll

Illustrated notes

Levels and vault maps discovered:
D:1:      eino_arrival_druids_welcome, layout_basic
D:2:      layout_loops_ring
D:4:      layout_loops_ring, nicolae_elemental_shop, nrook_mini_backslash,
          uniq_ijyb

Skill      XL: |  1  2 |
---------------+-------+-----
Axes           | 4 |  4.1
Fighting       | 4 |  4.1
Armour         | 3 |  3.0
Dodging        | |  2.8

Action                   || total
-------------------------++-------
Melee: Hand axe          ||    50
       Headbutt          ||     8
  Use: Potion            ||     1
Armor: Animal skin       ||    11
Dodge: Dodged            ||    32

Table legend: (Time is in decaauts)
 A = Elapsed time spent in this place.
 B = Non-inter-level travel time spent in this place.
 C = Inter-level travel time spent in this place.
 D = Time resting spent in this place.
 E = Time spent auto-exploring this place.
 F = Levels seen in this place.
 G = Mean time per level.
                   A        B        C        D        E       F      G
               +--------+--------+--------+--------+--------+-----+--------+
         Total |    914 |    880 |     34 |      0 |    693 |   3 |  304.7 |
       Dungeon |    914 |    880 |     34 |      0 |    693 |   3 |  304.7 |
               +--------+--------+--------+--------+--------+-----+--------+

Top non-repeatable levels by time:
     D:1: 585 daAuts
     D:2: 310 daAuts
     D:4: 18 daAuts
